 Dungeon Crawl Stone Soup version 0.21-a0-504-g2eda330 (webtiles) character file.

19303 Dorkslayer the Blocker (level 12, -8/72 HPs)
             Began as a Gargoyle Fighter on Nov 25, 2017.
             Was a Priest of the Shining One.
             Mangled by Snorg (21 damage)
             ... on level 2 of the Orcish Mines on Nov 26, 2017.
             The game lasted 00:56:46 (13438 turns).

Dorkslayer the Blocker (Gargoyle Fighter)          Turns: 13438, Time: 00:56:47

Health: -8/72      AC: 32    Str: 22    XL:     12   Next: 67%
Magic:  13/16      EV:  9    Int: 12    God:    the Shining One [***...]
Gold:   695        SH: 23    Dex: 12    Spells: 11/11 levels left

rFire    . . .     SeeInvis +   F - +4 scimitar (flame)
rCold    + . .     Gourm    .   c - +0 shield
rNeg     + + .     Faith    .   K - +5 chain mail of Juxam {rC+ MR+ Int+3 SInv}
rPois    ∞         Spirit   .   y - +2 helmet
rElec    +         Reflect  +   h - +0 cloak
rCorr    .         Harm     .   (no gloves)
MR       +....                  g - +2 pair of boots
Stlth    ..........             d - +4 amulet of reflection
HPRegen  0.22/turn              (no ring)
MPRegen  0.15/turn              (no ring)

@: divine shield, hasted, glowing, very quick
A: negative energy resistance 1, electricity resistance, unbreathing,
petrification resistance, rot immunity, AC +8
a: Divine Shield, Renounce Religion


You were on level 2 of the Orcish Mines.
You worshipped the Shining One.
The Shining One was most pleased with you.
You were hungry.

You visited 4 branches of the dungeon, and saw 16 of its levels.
You also visited: Volcano.

You collected 1204 gold pieces.
You spent 509 gold pieces at shops.

Inventory:

Hand Weapons
 a - a +1 war axe
 F - a +4 scimitar of flaming (weapon)
Missiles
 l - 15 tomahawks (quivered)
 s - a throwing net
Armour
 c - a +0 shield (worn)
 g - a +2 pair of boots (worn)
 h - a +0 cloak (worn)
 y - a +2 helmet (worn)
 I - a +1 plate armour of fire resistance
 K - the +5 chain mail of Juxam (worn) {rC+ MR+ Int+3 SInv}
   (You found it on level 9 of the Dungeon)

   It affects your intelligence (+3).
   It protects you from cold.
   It affects your resistance to hostile enchantments.
   It lets you see invisible.
Jewellery
 d - a +4 amulet of reflection (around neck)
Wands
 w - a wand of digging (23)
 B - a wand of iceblast (24)
 J - a wand of polymorph (27)
 L - a wand of disintegration (10)
 O - a wand of flame (19)
Scrolls
 e - 4 scrolls of remove curse
 k - 6 scrolls of teleportation
 n - 2 scrolls of blinking
 p - 2 scrolls of fear
 q - a scroll of fog {unknown}
 v - 3 scrolls of amnesia {unknown}
 x - a scroll of random uselessness {unknown}
 D - 4 scrolls of immolation
 E - 4 scrolls of magic mapping
 M - a scroll of enchant weapon
Potions
 b - 2 potions of resistance
 j - a potion of curing
 m - 2 potions of flight
 r - 2 potions of haste
 t - a potion of cancellation {unknown}
 u - a potion of berserk rage
 z - 3 potions of agility
 C - a potion of magic
 G - 2 potions of ambrosia {unknown}
 H - a potion of mutation {unknown}
Comestibles
 f - 6 bread rations
 i - 8 royal jellies
 o - 11 fruits
 A - 5 meat rations
 N - 6 chunks of flesh


   Skills:
 * Level 7.5 Fighting
 - Level 6.9 Long Blades
 + Level 8.7 Axes
 + Level 5.2 Throwing
 + Level 7.9 Armour
 + Level 4.8 Dodging
 * Level 9.0 Shields
 * Level 5.7 Invocations
 + Level 6.3 Evocations


You had 11 spell levels left.
You didn't know any spells.

Dungeon Overview and Level Annotations

Branches:
Dungeon (10/15)            Temple (1/1) D:6            Lair (3/6) D:8
 Shoals (0/4) Lair:2        Snake (0/4) Lair:3          Orc (2/2) D:10
    Elf (0/3) Orc:2

Altars:
Cheibriados
Dithmenos
Fedhas
Hepliaklqana
Makhleb
Okawaru
Qazlal
Trog
Uskayaw
Wu Jian
Zin
The Shining One
Beogh

Shops:
D:4 %   D:5 ?   D:8 =

Annotations:
Orc:1 Harold
Orc:2 Snorg


Innate Abilities, Weirdness & Mutations

You are resistant to torment.
Your stone body is resilient. (AC +8)
You are immune to poison.
You resist negative energy. (rN+)
You are resistant to electric shocks. (rElec)
You can survive without breathing.
You are immune to petrification.
You are immune to rotting.


Message History

You block Snorg's attack.
You slash Snorg! You burn Snorg.
Snorg is moderately wounded.
Snorg barely misses you. You block Snorg's attack. x2
The orc warrior hits you with a long sword!
Snorg bites you! Snorg misses you. Snorg completely misses you.
Okay, then.
Your shield is strengthened by the Shining One's divine power.
You feel slightly more hungry. You block Snorg's attack.
Snorg barely misses you. You block Snorg's attack.
You block the orc warrior's attack.
You feel better. You block Snorg's attack. x3
The orc warrior hits you but does no damage.
Snorg bites you! Snorg claws you!
* * * LOW HITPOINT WARNING * * *
You block Snorg's attack.
You feel yourself speed up. Snorg bites you but does no damage.
You block Snorg's attack. x2; You block the orc warrior's attack.
Snorg bites you!!
You die...

.....................#....
......<.<.................
................#.........
........................#
........................#.
..........................
..........................
....).................#...
................@To.......
..................#.......
.................#........
..............###........#
......#........# .......##
..................##...##
..................# #.##
................# ..


You could see Snorg (berserk) and an orc warrior.

Vanquished Creatures
  A red draconian (Volcano)
  Erica (D:8)
  A two-headed ogre (D:8)
  A centaur warrior (Volcano)
  The ghost of NoRagrets the Carver, a novice FoFi of Okawaru (D:8)
  A cyclops (Orc:1)
  A gargoyle (D:10)
  6 spiny frogs
  A komodo dragon (Lair:3)
  2 yaktaurs (Volcano)
  A troll (Orc:1)
  Grinder (D:5)
  2 hippogriffs
  Sigmund (D:6)
  22 yaks
  A wyvern (Lair:1)
  A basilisk (Lair:2)
  A hungry ghost (D:8)
  2 nagas (Lair:3)
  2 hell hounds (D:8)
  9 water moccasins
  2 porcupines
  6 orc warriors
  A black bear (Lair:2)
  An eye of draining (D:10)
  3 ice beasts
  A sky beast (D:7)
  3 phantoms
  5 centaurs
  7 ogres
  8 wolves
  4 crocodiles
  6 bullfrogs
  A scorpion (D:7)
  A water moccasin zombie (D:9)
  6 killer bees (D:8)
  7 wights
  3 howler monkeys
  An electric eel (Lair:2)
  7 crimson imps
  A centaur zombie (D:8)
  2 quasits
  3 jellies
  5 orc priests
  A centaur skeleton (D:6)
  6 hounds
  3 bullfrog skeletons
  3 iguanas
  9 worker ants
  20 orc wizards
  3 hound skeletons
  A worker ant zombie (D:6)
  9 gnolls
  12 adders
  4 shadow imps
  An ooze (D:5)
  An adder zombie (D:5)
  An adder skeleton (D:4)
  6 worms
  3 dart slugs
  4 leopard geckos
  33 orcs
  11 bats
  9 giant cockroaches
  9 goblins
  8 hobgoblins
  17 jackals
  8 kobolds
  4 quokkas
  A ball python (D:6)
  3 frilled lizards
  A quokka skeleton (D:7)
  8 rats
  3 fungi
  2 plants (Lair:1)
347 creatures vanquished.

Vanquished Creatures (others)
  A centaur (D:10)
  3 fungi
  A plant (Lair:3)
5 creatures vanquished.

Grand Total: 352 creatures vanquished

Notes
Turn   | Place    | Note
-------+----------+-------------------------------------------
     0 | D:1      | Dorkslayer the Gargoyle Fighter began the quest for the Orb.
     0 | D:1      | Reached XP level 1. HP: 14/14 MP: 1/1
   449 | D:2      | Reached XP level 2. HP: 16/19 MP: 2/2
   731 | D:1      | Reached XP level 3. HP: 23/23 MP: 3/3
  1305 | D:2      | Reached XP level 4. HP: 21/29 MP: 4/4
  1911 | D:3      | Reached skill level 1 in Throwing
  2185 | D:3      | Found a shadowy altar of Dithmenos.
  2244 | D:3      | Reached skill level 4 in Shields
  2371 | D:3      | Reached XP level 5. HP: 33/33 MP: 5/5
  2552 | D:3      | Reached skill level 1 in Dodging
  2789 | D:4      | Noticed a phantom
  3025 | D:4      | Reached XP level 6. HP: 35/38 MP: 6/6
  3434 | D:4      | Found Kissiow's Food Shop.
  3501 | D:4      | Killed a phantom
  3501 | D:4      | Reached XP level 7. HP: 36/43 MP: 7/7
  3753 | D:5      | Entered Level 5 of the Dungeon
  3753 | D:5      | Found an iron altar of Okawaru.
  3765 | D:5      | Reached skill level 5 in Armour
  3895 | D:5      | Found Egid's Magic Scroll Boutique.
  3907 | D:5      | Bought a scroll of identify for 26 gold pieces
  3907 | D:5      | Bought a scroll of immolation for 45 gold pieces
  3907 | D:5      | Bought a scroll of magic mapping for 45 gold pieces
  4005 | D:5      | Found a glowing silver altar of Zin.
  4174 | D:5      | Noticed Grinder
  4183 | D:5      | Paralysed by Grinder for 6 turns
  4193 | D:5      | Killed Grinder
  4193 | D:5      | Reached skill level 1 in Evocations
  4193 | D:5      | Reached XP level 8. HP: 34/48 MP: 7/9
  4363 | D:6      | Noticed Sigmund
  4404 | D:6      | Killed Sigmund
  4404 | D:6      | Reached skill level 5 in Shields
  4456 | D:6      | Reached skill level 5 in Axes
  4502 | D:6      | Noticed a hippogriff
  4513 | D:6      | Killed a hippogriff
  4567 | D:6      | Reached XP level 9. HP: 30/53 MP: 10/10
  4890 | D:6      | Found a snail-covered altar of Cheibriados.
  4905 | D:6      | Found an ornate altar of the Wu Jian Council.
  4956 | D:6      | Reached skill level 5 in Fighting
  5169 | D:6      | Found a staircase to the Ecumenical Temple.
  5176 | Temple   | Entered the Ecumenical Temple
  5192 | Temple   | Became a worshipper of the Shining One
  5733 | D:7      | Reached skill level 6 in Shields
  5861 | D:7      | Found a stormy altar of Qazlal.
  6152 | D:7      | Reached XP level 10. HP: 54/59 MP: 12/12
  6408 | D:8      | Reached * piety under the Shining One
  6481 | D:8      | Noticed a two-headed ogre
  6495 | D:8      | Killed a two-headed ogre
  6500 | D:8      | Reached skill level 5 in Throwing
  6646 | D:8      | Noticed Erica
  6649 | D:8      | Found Megaf's Jewellery Shop.
  6662 | D:8      | Killed Erica
  6819 | D:8      | Found a staircase to the Lair.
  6998 | Lair:1   | Entered Level 1 of the Lair of Beasts
  7056 | Lair:1   | Reached skill level 1 in Long Blades
  7066 | Lair:1   | Reached skill level 1 in Invocations
  7066 | Lair:1   | Reached skill level 5 in Evocations
  7193 | Lair:1   | Noticed a spiny frog
  7194 | Lair:1   | Noticed a spiny frog
  7203 | Lair:1   | Killed a spiny frog
  7203 | Lair:1   | Reached skill level 7 in Shields
  7203 | Lair:1   | Reached XP level 11. HP: 58/64 MP: 14/14
  7270 | Lair:1   | Reached ** piety under the Shining One
  7538 | Lair:1   | Reached skill level 5 in Long Blades
  7939 | Lair:2   | Found a dark tunnel.
  7947 | Volcano  | Entered a volcano
  8038 | Volcano  | Noticed a red draconian
  8073 | Volcano  | Killed a red draconian
  8349 | Volcano  | Noticed a centaur warrior
  8363 | Volcano  | Killed a centaur warrior
  9247 | Lair:2   | Reached XP level 12. HP: 64/71 MP: 16/16
  9602 | Lair:3   | Found a staircase to the Snake Pit.
 10085 | Lair:3   | Reached skill level 5 in Invocations
 11039 | D:8      | Noticed NoRagrets's ghost (novice FoFi)
 11059 | D:8      | Killed NoRagrets's ghost
 11059 | D:8      | Reached skill level 8 in Shields
 11110 | D:8      | Bought a +4 amulet of reflection for 270 gold pieces
 11203 | D:5      | Bought a scroll of blinking for 97 gold pieces
 11203 | D:5      | Bought a scroll of identify for 26 gold pieces
 11953 | D:9      | Got a twisted chain mail
 11964 | D:9      | Identified the +5 chain mail of Juxam {rC+ MR+ Int+3 SInv} (You found it on level 9 of the Dungeon)
 11974 | D:10     | Entered Level 10 of the Dungeon
 11980 | D:10     | Reached *** piety under the Shining One
 12369 | D:10     | Found a staircase to the Orcish Mines.
 12515 | D:10     | Found the +6 lightning scales {run, rElec}
 12785 | Orc:1    | Entered Level 1 of the Orcish Mines
 12785 | Orc:1    | Found a roughly hewn altar of Beogh.
 13178 | Orc:2    | Entered Level 2 of the Orcish Mines
 13236 | Orc:2    | Found a staircase to the Elven Halls.
 13294 | Orc:1    | Reached skill level 9 in Shields
 13419 | Orc:1    | Noticed Harold
 13423 | Orc:1    | Noticed Snorg
 13438 | Orc:2    | Mangled by Snorg

Vault maps used:
D:1:      dpeg_arrival_tiny_g, minmay_liquid_box
D:3:      lemuel_doored_altar
D:4:      first_bread, serial_shops, nicolae_shop_stone
D:5:      zin_scriptorium, serial_shops, shop, okawaru_gym_becter, uniq_grinder
D:6:      grunt_temple_overflow_open, temple_statues, kennysheep_pointless_box,
          uniq_sigmund
D:7:      basic_altar
D:8:      minmay_lair_entry_lava, serial_shops, shop, uniq_erica
D:10:     orc_0_dummy
Temple:   regret_index_temple_mists
Lair:1:   lemuel_fruit_tree
Lair:2:   minmay_shoals_entry_lonely_mermaid, lightli_volcano_entry_magma_tube,
          grunt_megastairs_2, infiniplex_staircase_pool, serial_bayou_shore_a
Lair:3:   guppyfry_snake_entry_island, eino_house_with_fridge
Orc:1:    basic_altar, uniq_harold, uniq_snorg
Orc:2:    grunt_orc_tribal_feast, basic_altar
Volcano:  volcano_pools

Skill      XL: |  1  2  3  4  5  6  7  8  9 10 11 12 |
---------------+-------------------------------------+-----
Axes           | 2 3 4 5 7 8 |  8.7
Armour         | 4 5 6 7 |  7.9
Throwing       | 1 2 3 4 5 |  5.2
Shields        | 4 5 6 7 9 |  9.0
Dodging        | 1 2 3 4 |  4.8
Fighting       | 4 5 6 7 |  7.5
Evocations     | 1 2 3 5 6 |  6.3
Long Blades    | 2 6 |  6.9
Invocations    | 1 4 5 |  5.7

Action                   |  1- 3 |  4- 6 |  7- 9 | 10-12 || total
-------------------------+-------+-------+-------+-------++-------
Melee: War axe           |   153 |   253 |   414 |   182 ||  1002
       Scimitar          |       |       |       |   488 ||   488
Throw: Tomahawk          |       |       |     7 |     8 ||    15
Invok: Divine Shield     |       |       |       |     2 ||     2
Evoke: Wand              |       |       |     6 |    10 ||    16
  Use: Scroll            |       |     4 |    10 |     3 ||    17
       Potion            |       |     5 |     3 |    11 ||    19
  Eat: Chunk             |     2 |     7 |    10 |    17 ||    36
       Fruit             |       |       |       |    13 ||    13
Armor: Plate armour      |   163 |   221 |   310 |   312 ||  1006
       Chain mail        |       |       |       |    59 ||    59
Dodge: Dodged            |    26 |    51 |   111 |   179 ||   367
Block: Shield            |   107 |   151 |   217 |   421 ||   896
       Reflection        |       |       |       |    14 ||    14
       Rpst.: Scimitar   |       |       |       |    37 ||    37

Table legend:
 A = Spawn XP
 B = Non-spawn XP
 C = Spawn XP percentage of total XP
 D = Spawn monster count
 E = Non-spawn monster count
 F = Spawn count percentage of total count
 G = Total turns spent on level
                    A         B        C        D         E        F      G
               +---------+---------+-------+---------+---------+-------+---------
         Total |       0 |   27576 |   0.0 |       0 |     343 |   0.0 | 13438
               +---------+---------+-------+---------+---------+-------+---------
           D:1 |       0 |      28 |   0.0 |       0 |      14 |   0.0 |   844
           D:2 |       0 |      85 |   0.0 |       0 |      33 |   0.0 |   946
           D:3 |       0 |     189 |   0.0 |       0 |      32 |   0.0 |  1368
           D:4 |       0 |     398 |   0.0 |       0 |      16 |   0.0 |   834
           D:5 |       0 |     692 |   0.0 |       0 |      23 |   0.0 |   926
           D:6 |       0 |    1989 |   0.0 |       0 |      34 |   0.0 |  1224
           D:7 |       0 |    1362 |   0.0 |       0 |      23 |   0.0 |  1053
           D:8 |       0 |    4025 |   0.0 |       0 |      34 |   0.0 |   938
           D:9 |       0 |     717 |   0.0 |       0 |      15 |   0.0 |   655
          D:10 |       0 |    2275 |   0.0 |       0 |      43 |   0.0 |   811
        Lair:1 |       0 |    5938 |   0.0 |       0 |      29 |   0.0 |   893
        Lair:2 |       0 |    2276 |   0.0 |       0 |      14 |   0.0 |  1024
        Lair:3 |       0 |    2678 |   0.0 |       0 |      13 |   0.0 |   610
         Orc:1 |       0 |    1290 |   0.0 |       0 |       9 |   0.0 |   517
         Orc:2 |       0 |     361 |   0.0 |       0 |       3 |   0.0 |   136
       Volcano |       0 |    3273 |   0.0 |       0 |       8 |   0.0 |   625
               +---------+---------+-------+---------+---------+-------+---------
